 Dungeon Crawl Stone Soup version 0.30-a0-613-gdd512c7efb (webtiles) character file.

Game seed: 4592217169958508982

81 acebull12 the Trooper (level 4, -29/41 HPs)
             Began as a Minotaur Monk on Jan 9, 2023.
             Killed from afar by a steam dragon (34 damage)
             ... with a ball of steam
             ... on level 4 of the Dungeon.
             The game lasted 00:06:33 (2280 turns).

acebull12 the Trooper (Minotaur Monk)               Turns: 2280, Time: 00:06:34

Health: -29/41     AC:  6    Str: 18    XL:     4   Next: 20%
Magic:  3/3        EV: 10    Int:  7    God:
Gold:   202        SH:  0    Dex: 12    Spells: 3/3 levels left

rFire   x . .      SeeInvis .    p - +0 long sword
rCold   + . .      Faith    .    (no shield)
rNeg    . . .      Spirit   .    j - +0 scale mail
rPois   .          Reflect  .    (helmet restricted)
rElec   .          Harm     .    (no cloak)
rCorr   .          Rampage  .    (no gloves)
Will    .....                    (no boots) Stlth
                                 (no amulet)
HPRegen 0.26/turn                h - ring of ice
MPRegen 0.08/turn                (no ring)

@: no status effects
A: horns 2, retaliatory headbutt, wild magic 1
a: no special abilities


You were on level 4 of the Dungeon.
You visited 1 branch of the dungeon, and saw 4 of its levels.

You collected 202 gold pieces.

Inventory:

Hand Weapons
 p - a +0 long sword (weapon)
Missiles
 f - 26 stones (quivered)
Armour
 j - a +0 scale mail (worn)
Jewellery
 h - a ring of ice (left hand)
Scrolls
 a - a scroll of amnesia {unknown}
 b - 2 scrolls of enchant armour {unknown}
 i - a scroll of vulnerability {unknown}
 l - a scroll of blinking {unknown}
 o - 3 scrolls of teleportation {unknown}
 r - a scroll of immolation {unknown}
 t - a scroll of fog {unknown}
 u - a scroll of fear {unknown}
Potions
 c - a potion of ambrosia
 e - a potion of might
 k - 2 potions of berserk rage
 m - a potion of degeneration {unknown}
 n - a potion of heal wounds
 q - a potion of invisibility {unknown}
 s - a potion of haste
 v - a potion of curing {unknown}


   Skills:
 * Level 4.5 Fighting
 + Level 4.4 Long Blades
 * Level 1.8 Armour
 + Level 3.7 Dodging
 + Level 1.8 Stealth


You had 3 spell levels left.
You didn't know any spells.
Your spell library contained the following spells:

 Spells                   Type           Power      Damage    Failure   Level
 Beastly Appendage        Tmut           0%         N/A       88%         1
 Magic Dart               Conj           0%         1d3       88%         1
 Shock                    Conj/Air       0%         1d3       88%         1
 Searing Ray              Conj           0%         2d4       95%         2
 Wereblood                Tmut           0%         N/A       95%         2
 Portal Projectile        Hex/Tloc       0%         N/A       99%         3
 Spider Form              Tmut/Pois      0%         N/A       99%         3
 Swiftness                Air            0%         N/A       99%         3
 Tukima's Dance           Hex            0%         N/A       99%         3
 Airstrike                Air            0%         2d(0-16)  100%        4
 Fulminant Prism          Conj/Hex       0%         3d5       100%        4
 Blade Hands              Tmut           0%         N/A       100%        5


Dungeon Overview and Level Annotations

Branches:
Dungeon (4/15)
 Temple: D:4-7

Altars:
Wu Jian
Xom


Innate Abilities, Weirdness & Mutations

You have a pair of horns on your head.
You reflexively headbutt those who attack you in melee.
Your spells are a little harder to cast, but a little more powerful.


Message History

There is a stone staircase leading down here.
You climb downwards.
There is a stone staircase leading up here.
You climb upwards.
There is a stone staircase leading down here.
You climb downwards.
The ball python barely misses you. The ball python closely misses you.
The ball python bites you but does no damage.
The ball python closely misses you.
There is a stone staircase leading up here.
You barely miss the ball python. The ball python barely misses you.
The ball python grabs you. The ball python constricts you.
The ball python bites you. The ball python constricts you.
You hit the ball python.
You kill the ball python!
No target in view!
You climb upwards.
There is a stone staircase leading down here.
HP restored.
There is a stone staircase leading down here.
You climb downwards.
The steam dragon hisses angrily.
Found a fuming inky potion and 18 gold pieces.
There is a stone staircase leading up here.
You barely miss the steam dragon.
The steam dragon bites you but does no damage.
The steam dragon claws you.
You completely miss the steam dragon. The steam dragon breathes steam at you.
The ball of steam hits you!! The steam scalds you terribly!
Ouch! That really hurt!
* * * LOW HITPOINT WARNING * * *
You hit the steam dragon but do no damage.
Your headbutt misses the steam dragon.
You are engulfed in a cloud of scalding steam.
* * * LOW HITPOINT WARNING * * *
The steam dragon breathes steam at you. The ball of steam hits you!!
The steam scalds you terribly!
Ouch! That really hurt!
You die...

########
#......#
#......#
#..D!..#
#...@.§#
.......§.§.#
........§§..#
####$.....§.#
##.......#
#.......#
+.......#
#.......#
##.......#


You could see a steam dragon (catching breath).

Vanquished Creatures
  2 adders
  A worm (D:3)
  A dart slug (D:3)
  6 bats
  7 endoplasms
  2 giant cockroaches (D:1)
  7 goblins
  4 hobgoblins
  3 jackals (D:1)
  A quokka (D:3)
  7 ball pythons
  3 frilled lizards
  6 kobolds
  4 rats
54 creatures vanquished.

Notes
Turn   | Place    | Note
-------+----------+-------------------------------------------
     0 | D:1      | acebull12 the Minotaur Monk began the quest for the Orb.
     0 | D:1      | Reached XP level 1. HP: 19/19 MP: 0/0
   154 | D:1      | Reached XP level 2. HP: 27/27 MP: 1/1
   251 | D:1      | You fall into a shaft and drop 1 floor!
   848 | D:2      | Found a faded altar of an unknown god.
   963 | D:2      | Reached skill level 1 in Armour
   963 | D:2      | Reached XP level 3. HP: 33/33 MP: 2/2
  1644 | D:3      | Reached XP level 4. HP: 40/41 MP: 3/3
  1851 | D:3      | Found an ornate altar of the Wu Jian Council.
  1853 | D:3      | Found a shimmering altar of Xom.
  2179 | D:3      | Gained mutation: Your spells are a little harder to cast,
                  | but a little more powerful. [potion of mutation]
  2277 | D:4      | Noticed a steam dragon
  2280 | D:4      | Killed from afar by a steam dragon

Illustrated notes

Levels and vault maps discovered:
D:1:      lemuel_arrival_river_ford, layout_loops_ring, serial_bayou,
          serial_bayou_shore_a, serial_bayou_pond_c, serial_bayou_shore_b,
          serial_bayou_pond_e
D:2:      layout_rooms, shapermc_ecumenical_altar_mp_highgroup,
          lemuel_flame_loot_1
D:3:      layout_loops_ring, mainiacjoe_overflow_catwalk_spiral,
          minmay_randomly_rotated_circles
D:4:      layout_rooms, minmay_temple_entry_enclosed_plants,
          chequers_serial_rivers_room_b, corexii_leaking_fountain, uniq_duvessa

Skill      XL: |  1  2 |
---------------+-------+-----
Fighting       | 4 |  4.5
Long Blades    | 4 |  4.4
Armour         | 1 |  1.8
Dodging        | |  3.7
Stealth        | |  1.8

Action                   |  1- 3 |  4- 6 || total
-------------------------+-------+-------++-------
Melee: Falchion          |    76 |       ||    76
       Headbutt          |    13 |     4 ||    17
       Long sword        |     2 |    18 ||    20
  Use: Scroll            |       |     5 ||     5
       Potion            |       |     1 ||     1
 Stab: Sleeping          |     5 |       ||     5
Armor: Robe              |     4 |       ||     4
       Scale mail        |    25 |     7 ||    32
Dodge: Dodged            |    55 |     8 ||    63

Table legend: (Time is in decaauts)
 A = Elapsed time spent in this place.
 B = Non-inter-level travel time spent in this place.
 C = Inter-level travel time spent in this place.
 D = Time resting spent in this place.
 E = Time spent auto-exploring this place.
 F = Levels seen in this place.
 G = Mean time per level.
                   A        B        C        D        E       F      G
               +--------+--------+--------+--------+--------+-----+--------+
         Total |   2315 |   2152 |    163 |    125 |   1603 |   4 |  578.8 |
       Dungeon |   2315 |   2152 |    163 |    125 |   1603 |   4 |  578.8 |
               +--------+--------+--------+--------+--------+-----+--------+

Top non-repeatable levels by time:
     D:3: 939 daAuts
     D:1: 801 daAuts
     D:2: 562 daAuts
     D:4: 11 daAuts
